 Dungeon Crawl Stone Soup version 0.31-a0-246-g8cbcc1cb85 (webtiles) character file.

Game seed: 7314549382291660651

53 qw the Shooter (level 3, -2/29 HPs)
             Began as a Minotaur Hexslinger on July 12, 2023.
             Slain by Terence
             ... wielding a +1 heavy falchion
              (15 damage)
             ... on level 2 of the Dungeon.
             The game lasted 00:00:21 (745 turns).

qw the Shooter (Minotaur Hexslinger)                 Turns: 745, Time: 00:00:22

Health: -2/29      AC:  5    Str: 12    XL:     3   Next: 62%
Magic:  3/3        EV: 11    Int: 10    God:
Gold:   57         SH:  0    Dex: 14    Spells: 3/4 levels left

rFire   . . .        Y - +1 sling
rCold   . . .        (no shield)
rNeg    . . .        g - +0 ring mail
rPois   .            (helmet restricted)
rElec   .            (no cloak)
rCorr   .            (no gloves)
SInv    .            (no boots)
Will    .....        h - amulet of regeneration
Stlth   +            (no ring)
HPRegen 1.04/turn    (no ring)
MPRegen 0.08/turn

%: no passive effects
@: no status effects
A: horns 2, retaliatory headbutt
a: no special abilities


You were on level 2 of the Dungeon.
You visited 1 branch of the dungeon, and saw 2 of its levels.

You collected 57 gold pieces.


Innate Abilities, Weirdness & Mutations

You have a pair of horns on your head.
You reflexively headbutt those who attack you in melee.


   Skills:
 - Level 2.0 Fighting
 - Level 4.1 Ranged Weapons
 + Level 0.4 Armour
 - Level 2.1 Dodging
 - Level 1.0 Spellcasting
 - Level 2.0 Hexes


You had 3 spell levels left.
You knew the following spells:

 Your Spells              Type           Power      Damage    Failure   Level
a - Slow                  Hex            16%        N/A       34%         1

Your spell library contained the following spells:

 Spells                   Type           Power      Damage    Failure   Level
 Inner Flame              Hex/Fire       2%         N/A       83%         3
 Portal Projectile        Hex/Tloc       4%         N/A       83%         3
 Cause Fear               Hex            2%         N/A       98%         4

Inventory:

Hand Weapons
 Y - a +1 sling (weapon)
Armour
 g - a +0 ring mail (worn)
Jewellery
 a - an amulet of guardian spirit
 h - an amulet of regeneration (around neck)
Potions
 d - a potion of enlightenment {unknown}
 f - a potion of curing {unknown}

Dungeon Overview and Level Annotations

Branches:
Dungeon (2/15)

Altars:

Annotations:
D:2 Terence


Message History

You shoot a sling bullet.
The sling bullet closely misses the bat.
The sling bullet completely misses Terence.
The bat barely misses you. You furiously retaliate!
You headbutt the bat. The bat closely misses you.
You shoot a sling bullet.
The sling bullet closely misses the bat.
The sling bullet hits Terence but does no damage.
The bat barely misses you. The bat hits you but does no damage. x2
You shoot a sling bullet.
The sling bullet hits the bat but does no damage.
The bat is heavily wounded.
The bat hits you.
Terence bares his teeth.
The bat hits you but does no damage.
You shoot a sling bullet. The sling bullet hits the bat.
You kill the bat!
The bat hits you but does no damage. x2
You shoot a sling bullet.
The sling bullet closely misses Terence.
Terence hits you with a +1 heavy falchion.
You shoot a sling bullet.
The sling bullet hits Terence but does no damage.
Terence barely misses you.
You shoot a sling bullet. The sling bullet hits Terence!
Terence is moderately wounded.
Terence hits you with a +1 heavy falchion.
You shoot a sling bullet. The sling bullet barely misses Terence.
The sling bullet hits the bat!
You kill the bat!
You shoot a sling bullet. The sling bullet hits Terence.
Terence is heavily wounded.
Terence barely misses you. You furiously retaliate!
You headbutt Terence. You shoot a sling bullet.
The sling bullet barely misses Terence.
Terence hits you with a +1 heavy falchion!
You shoot a sling bullet.
The sling bullet closely misses Terence.
Terence hits you with a +1 heavy falchion!
Ouch! That really hurt!
You die...

......^..#
########.#########
# #.#.......#### #
#.#..........# #
#.#..........# #
#.#..........# #
#####.#.#####.####
# #...#.#.# #.#
####.#.#.#.# #@#
.....#...#.# #@#
.#########.# ...
...........# .....
############
....... #
#........ #
#......... #
#.......... #


You could see Terence.

Vanquished Creatures
  A gnoll (D:1)
  An adder (D:2)
  A dart slug (D:1)
  4 endoplasms
  A giant cockroach (D:1)
  4 hobgoblins (D:1)
  2 jackals (D:1)
  3 kobolds (D:1)
  3 quokkas (D:1)
  A ball python (D:1)
  5 bats
  A frilled lizard (D:1)
  3 rats (D:1)
30 creatures vanquished.

Notes
Turn   | Place    | Note
-------+----------+-------------------------------------------
     0 | D:1      | qw the Minotaur Hexslinger began the quest for the Orb.
     0 | D:1      | Reached XP level 1. HP: 16/16 MP: 1/1
     0 | D:1      | 0 ||| qw: Version: 0.3-a-52-g30416fa
     0 | D:1      | 0 ||| qw: Game counter: 6309
     0 | D:1      | 0 ||| qw: Melee chars always use a shield: true
     0 | D:1      | 0 ||| qw: God list: Okawaru
     0 | D:1      | 0 ||| qw: Allow faded altars: false
     0 | D:1      | 0 ||| qw: Do Orc after clearing Dungeon:15 true
     0 | D:1      | 0 ||| qw: Do second Lair branch before Depths: true
     0 | D:1      | 0 ||| qw: Lair rune preference: random
     0 | D:1      | 0 ||| qw: Goals: Normal
     0 | D:1      | 0 ||| PLANNING D:1-11
    21 | D:1      | Reached skill level 3 in Ranged Weapons
    21 | D:1      | Reached XP level 2. HP: 15/23 MP: 2/2
   275 | D:1      | Reached XP level 3. HP: 29/29 MP: 3/3
   587 | D:1      | 587 ||| UPGRADING to +0 ring mail.
   597 | D:1      | 597 ||| DROPPING +0 robe.
   598 | D:1      | 598 ||| UPGRADING to amulet of regeneration.
   603 | D:1      | 603 ||| READING scroll labelled QANUATR CUCEKKOUWU.
   604 | D:1      | 604 ||| READING scroll labelled YDUONO DOYWEO.
   608 | D:1      | 608 ||| DROPPING scroll of poison.
   648 | D:2      | Reached skill level 4 in Ranged Weapons
   733 | D:2      | Noticed Terence
   745 | D:2      | Slain by Terence

Levels and vault maps discovered:
D:1:      lightli_arrival_chessboard, layout_basic, serial_bayou_crossing
D:2:      layout_basic, kennysheep_generic_room_5, uniq_terence

Skill      XL: |  1  2  3 |
---------------+----------+-----
Ranged Weapons | 3 4 |  4.1
Fighting       | 2 |  2.0
Armour         | |  0.4
Dodging        | |  2.1
Spellcasting   | |  1.0
Hexes          | |  2.0

Action                     || total
---------------------------++-------
   Fire: Sling             ||   101
    Use: Scroll            ||     2
 Armour: Robe              ||     9
         Ring mail         ||    11
  Dodge: Dodged            ||    25

Table legend:
 A = Non-vault XP
 B = Vault XP
 C = Vault XP percentage of total XP
 D = Non-vault monster count
 E = Vault monster count
 F = Vault count percentage of total count
                 A         B        C        D         E       F
            +---------+---------+-------+---------+---------+-------
      Total |      76 |       0 |   0.0 |      30 |       0 |   0.0
            +---------+---------+-------+---------+---------+-------
        D:1 |      58 |       0 |   0.0 |      26 |       0 |   0.0
        D:2 |      18 |       0 |   0.0 |       4 |       0 |   0.0
            +---------+---------+-------+---------+---------+-------
